 Dungeon Crawl Stone Soup version 0.22-a0-614-g34fbaa0 (webtiles) character file.

72 zhorgal the Chopper (level 4, 0/54 HPs)
             Began as a Formicid Abyssal Knight on July 18, 2018.
             Was a Believer of Lugonu.
             Succumbed to an adder's poison
             ... on level 3 of the Dungeon.
             The game lasted 00:05:02 (2410 turns).

zhorgal the Chopper (Formicid Abyssal Knight)       Turns: 2410, Time: 00:05:02

Health: 0/54       AC: 22    Str: 15 (18) XL:     4   Next: 48%
Magic:  6/6        EV:  2    Int: 10 (11) God:    Lugonu [**....]
Gold:   69         SH:  0    Dex: 12 (13) Spells: 3/3 levels left

rFire    + . .     SeeInvis .   a - +1 hand axe
rCold    + . .     Gourm    .   (no shield)
rNeg     + + +     Faith    .   (armour currently unavailable)
rPois    +         Spirit   .   (helmet unavailable)
rElec    +         Reflect  .   (cloak currently unavailable)
rCorr    +         Harm     .   (gloves currently unavailable)
MR       .....                  (boots currently unavailable)
Stlth    ++........             (no amulet)
HPRegen  0.18/turn              (no ring)
MPRegen  0.10/turn              (no ring)

@: agile, lethally poisoned (0 -> -1), tree-form, resistant
A: permanent stasis, dig shafts and tunnels, four strong arms, clumsy 1,
mutation resistance 1
a: Depart the Abyss, Bend Space, Renounce Religion


You were on level 3 of the Dungeon.
You worshipped Lugonu.
Lugonu was pleased with you.
You were hungry.
You were a tree.
You visited 1 branch of the dungeon, and saw 3 of its levels.
You visited the Abyss 1 time.

You collected 69 gold pieces.

Inventory:

Hand Weapons
 a - a +1 hand axe (weapon)
 p - a +0 hunting sling
 u - a +1 dagger of electrocution
Missiles
 i - 53 stones (quivered)
 t - 54 arrows
Armour
 b - a +0 leather armour (melded)
Scrolls
 f - 3 scrolls of amnesia {unknown}
 g - 2 scrolls of remove curse {unknown}
 k - a scroll of immolation {unknown}
 m - a scroll of blinking {unknown}
 n - 2 scrolls of enchant armour {unknown}
 q - a scroll of noise {unknown}
 r - 3 scrolls of teleportation {unknown}
 v - a scroll of identify {unknown}
Potions
 d - a potion of resistance
 h - a potion of flight
 l - a potion of mutation
Comestibles
 c - 5 rations


   Skills:
 + Level 3.6 Fighting
 * Level 3.7 Axes
 + Level 2.5 Armour
 - Level 0.8 Dodging
 + Level 2.7 Invocations


You had 3 spell levels left.
You didn't know any spells.
Your spell library was empty.

Dungeon Overview and Level Annotations

Branches:
Dungeon (3/15)

Altars:
Makhleb
Vehumet


Innate Abilities, Weirdness & Mutations

You cannot be hasted, slowed, berserked, paralysed or teleported.
You can dig through walls and to a lower floor.
Your four strong arms can wield two-handed weapons with a shield.
((You have a pair of large antennae on your head. (SInv)))
You are clumsy. (Dex -2)
You are somewhat resistant to further mutation.


Message History

You take 1 damage, and have 2/54 hp.
It was a potion of agility.
You feel agile all of a sudden.
It was a potion of magic.
Magic courses through your body.
* * * LOW HITPOINT WARNING * * *
You feel sick.
You take 1 damage, and have 2/54 hp.
Okay, then.
There is a lethal amount of poison in your body!
* * * LOW HITPOINT WARNING * * *
You feel sick.
You take 1 damage, and have 1/54 hp.
* * * LOW HITPOINT WARNING * * *
You feel sick.
You take 1 damage, and have 1/54 hp.
There is a lethal amount of poison in your body!
There is a lethal amount of poison in your body!
* * * LOW HITPOINT WARNING * * *
You feel sick.
You die...

### #.. { ##.########
#..♣.......
#..######## #..#
###..# #....# #.##.#
#.##.#################
#.##..................
#.####################


There were no monsters in sight!

Vanquished Creatures
  3 adders (D:3)
  A worm (D:2)
  3 leopard geckos
  A giant cockroach (D:2)
  7 goblins
  3 hobgoblins (D:1)
  2 jackals (D:1)
  3 kobolds (D:1)
  9 bats
  3 frilled lizards
  3 rats
38 creatures vanquished.

Notes
Turn   | Place    | Note
-------+----------+-------------------------------------------
     0 | Abyss:1  | zhorgal the Formicid Abyssal Knight began the quest for the Orb.
     0 | Abyss:1  | Reached XP level 1. HP: 18/18 MP: 2/2
    35 | D:1      | Escaped the Abyss
   320 | D:1      | Reached XP level 2. HP: 20/24 MP: 3/3
   554 | D:1      | You fall through a shaft!
   922 | D:2      | Found a burning altar of Makhleb.
   923 | D:2      | Found a radiant altar of Vehumet.
  1051 | D:2      | Reached XP level 3. HP: 29/29 MP: 4/4
  1762 | D:1      | Reached ** piety under Lugonu
  2077 | D:3      | Reached XP level 4. HP: 31/35 MP: 5/5
  2386 | D:3      | Gained mutation: You are somewhat resistant to further mutation. [potion of mutation]
  2386 | D:3      | Gained mutation: You are clumsy. (Dex -2) [potion of mutation]
  2394 | D:3      | HP: 2/54 [poisoned by an adder]
  2402 | D:3      | HP: 1/54 [poisoned by an adder]
  2410 | D:3      | Succumbed to an adder's poison

Vault maps used:
D:1:      minmay_arrival_doors, grunt_decor_cap, minivault_24
D:2:      gammafunk_temple_overflow_statue
D:3:      marbit_many_paths, uniq_terence

Skill      XL: |  1  2 |
---------------+-------+-----
Axes           | 3 |  3.7
Fighting       | |  3.6
Armour         | |  2.5
Dodging        | |  0.8
Invocations    | |  2.7

Action                   |  1- 3 |  4- 6 || total
-------------------------+-------+-------++-------
Melee: Hand axe          |    83 |    18 ||   101
 Abil: Dig               |     1 |       ||     1
  Use: Potion            |       |     7 ||     7
 Stab: Sleeping          |     1 |       ||     1
  Eat: Chunk             |     3 |     1 ||     4
Armor: Leather armour    |    36 |     3 ||    39
Dodge: Dodged            |    89 |     9 ||    98

Table legend:
 A = Spawn XP
 B = Non-spawn XP
 C = Spawn XP percentage of total XP
 D = Spawn monster count
 E = Non-spawn monster count
 F = Spawn count percentage of total count
 G = Total turns spent on level
                    A         B        C        D         E        F      G
               +---------+---------+-------+---------+---------+-------+---------
         Total |       0 |     103 |   0.0 |       0 |      38 |   0.0 |  2410
               +---------+---------+-------+---------+---------+-------+---------
           D:1 |       0 |      39 |   0.0 |       0 |      22 |   0.0 |  1065
           D:2 |       0 |      22 |   0.0 |       0 |      12 |   0.0 |   932
           D:3 |       0 |      42 |   0.0 |       0 |       4 |   0.0 |   378
               +---------+---------+-------+---------+---------+-------+---------
